 Dungeon Crawl Stone Soup version 0.16-a0-3722-g5e7e3b6 (webtiles) character file.

64 Ololoev the Poker (level 3, -2/29 HPs)
             Began as a Mummy Chaos Knight on Jan 21, 2015.
             Was a Plaything of Xom.
             Slain by a gnoll (glowing shapeshifter) (4 damage)
             ... on level 3 of the Dungeon.
             The game lasted 00:02:49 (1806 turns).

Ololoev the Poker (Mummy Chaos Knight)              Turns: 1806, Time: 00:02:49

Health: -2/29      AC:  5    Str: 16    XL:     3   Next: 91%
Magic:  3/3        EV: 11    Int: 11    God:    Xom [.*....]
Gold:   168        SH:  0    Dex: 11    Spells: 0 memorised, 2 levels left

rFire  x . .     SeeInvis .     a - +0 flail
rCold  + . .     Clarity  .     b - +2 leather armour
rNeg   + + +     SustAb   .     (no shield)
rPois  ∞         Gourm    .     (no helmet)
rElec  .         Spirit   .     (no cloak)
rCorr  .         Warding  .     (no gloves)
rMut   .         Stasis   .     (no boots)
MR     .....                    (no amulet)
Stlth  +.........               (no ring)
                                (no ring)

@: not resistant to hostile enchantments, very unstealthy
A: no food or potions, fire vulnerability, restore body, cold resistance 1,
negative energy resistance 3, poison resistance, torment resistance, unbreathing
a: Renounce Religion


You were on level 3 of the Dungeon.
You worshipped Xom.
You were a plaything of Xom.
You were not hungry.

You visited 1 branch of the dungeon, and saw 3 of its levels.

You collected 168 gold pieces.

Notes
Turn   | Place    | Note
--------------------------------------------------------------
     0 | D:1      | Ololoev, the Mummy Chaos Knight, began the quest for the Orb.
     0 | D:1      | Reached XP level 1. HP: 18/18 MP: 1/1
   142 | D:1      | Reached XP level 2. HP: 18/24 MP: 0/2
   532 | D:1      | XOM: divination: detect items
   651 | D:1      | XOM: silly message
   668 | D:1      | XOM: harmless Chrm miscast
   866 | D:2      | Found a white marble altar of Elyvilon.
   887 | D:2      | Reached XP level 3. HP: 26/29 MP: 3/3
  1010 | D:2      | XOM: harmless Trmt miscast
  1752 | D:3      | XOM: 3-stop teleportation journey
  1774 | D:3      | Found a stormy altar of Qazlal.
  1791 | D:3      | XOM: polymorph orc -> bat
  1794 | D:3      | XOM: swap weapons
  1806 | D:3      | Slain by a gnoll (glowing shapeshifter)

Inventory:

Hand weapons
 a - a +0 flail (weapon)
Armour
 b - a +2 leather armour (worn)
Scrolls
 c - a scroll of teleportation {unknown}
 d - 3 scrolls of blinking {unknown}
 e - 3 scrolls of identify {unknown}
 f - a scroll of recharging {unknown}
 g - a scroll of remove curse {unknown}
 h - a scroll of enchant armour {unknown}

Table legend:
 A = Turns spent in this place as a percentage of turns spent in the entire game.
 B = Non-inter-level travel turns spent in this place as a percentage of non-inter-level travel turns spent in the entire game.
 C = Inter-level travel turns spent in this place as a percentage of turns spent in this place.
 D = Turns resting spent in this place as a percentage of non-inter-level travel turns spent in this place.
 E = Turns spent auto-exploring this place as a percentage of non-inter-level travel turns spent in this place.
 F = Non-inter-level travel turns spent in this place divided by the number of levels of this place that you've seen.
                   A       B       C       D       E      F
               +-------+-------+-------+-------+-------+----------------------
         Total | 100.0 | 100.0 |   0.2 |   0.6 |   9.8 | 359.7
       Dungeon | 100.0 | 100.0 |   0.2 |   0.6 |   9.8 | 359.7
               +-------+-------+-------+-------+-------+----------------------


   Skills:
 - Level 3.0 Fighting
   Level 3.4 Polearms
 + Level 2.5 Armour
 - Level 0.7 Dodging


You had 2 spell levels left.
You didn't know any spells.

Dungeon Overview and Level Annotations

Branches:
Dungeon (3/15)

Altars:
Elyvilon
Qazlal


Innate Abilities, Weirdness & Mutations

You do not eat or drink.
Your flesh is vulnerable to fire.
Your flesh is cold resistant.
You are immune to negative energy.
Your system is resistant to poisons.
You are immune to unholy pain and torment.
You can survive without breathing.


Message History

You are too injured to fight recklessly!
You are too injured to fight recklessly!
You are too injured to fight recklessly!
You are too injured to fight recklessly!
You are too injured to fight recklessly!
You are too injured to fight recklessly!
You are too injured to fight recklessly!
You are too injured to fight recklessly!
You are too injured to fight recklessly!
You are too injured to fight recklessly!
You are too injured to fight recklessly!
You are too injured to fight recklessly!
You are too injured to fight recklessly!
You are too injured to fight recklessly!
You are too injured to fight recklessly!
You are too injured to fight recklessly!
You are too injured to fight recklessly!
You are too injured to fight recklessly!
You are too injured to fight recklessly!
You are too injured to fight recklessly!
You are too injured to fight recklessly!
You are too injured to fight recklessly!
You are too injured to fight recklessly!
You closely miss the orc.
The orc is severely wounded.
The orc hits you with a hand axe.
You sock the orc!
You kill the orc!
The giant gecko changes into a giant cockroach!
That item cannot be evoked!
Unknown command.
That item cannot be evoked!
Unknown command.
The giant cockroach bites you.
You closely miss the giant cockroach.
The gnoll falls off the wall.
The giant cockroach changes into a gnoll!
You barely miss the gnoll.
The orc hits you from afar with a +0 spear of chaos.
The gnoll hits you.
You die...

#..######### §
#........... §§§
#........... §§§§
####.......... §§§§§
#.........##+#
§§§§§§§##.........#
§§######....####..##.##
§8#_...........go....>+
§######......@#.###.##
§§§§§§###.....#s#
§§§§§§ #.....#)#
§§§§##.......#o#
§§##........+..
##.........#.#
#.........#.# .
####.....#.###.#
#.....#)....#


You could see a gnoll shaped shifter and an orc.

Table legend:
 A = Kills in this place as a percentage of kills in entire the game.
 B = Kills by you in this place as a percentage of kills by you in the entire game.
 C = Kills by friends in this place as a percentage of kills by friends in the entire game.
 D = Other kills in this place as a percentage of other kills in the entire game.
 E = Experience gained in this place as a percentage of experience gained in the entire game.
 F = Experience gained in this place divided by the number of levels of this place that you have seen.
                   A       B       C       D       E      F
               +-------+-------+-------+-------+-------+----------------------
         Total | 100.0 | 100.0 |  -nan |  -nan | 100.0 |  30.7
       Dungeon | 100.0 | 100.0 |  -nan |  -nan | 100.0 |  30.7
               +-------+-------+-------+-------+-------+----------------------

Vanquished Creatures
  An adder (D:2)
  A worm (D:2)
  2 giant geckos
  An ooze (D:1)
  An orc (D:3)
  2 giant cockroaches (D:2)
  5 hobgoblins
  8 jackals
  9 bats
  2 giant newts (D:2)
  6 goblins
  5 kobolds
  A rat (D:1)
44 creatures vanquished.

Action                   || total
-------------------------++-------
Melee: Spear             ||   150
       Flail             ||     7

Vault maps used:
D:1:      dpeg_arrival_simpleton_b, minivault_23, due_unseen_surprise
D:2:      elyvilon_altar_4
D:3:      cheibriados_altar_1, lemuel_coloured_pillars_altar,
          nicolae_qazlal_eye_of_the_storm, roderic_batcave, grunt_ministairs_3
